 Dungeon Crawl Stone Soup version 0.27.0-1-g7a08968 (webtiles) character file.

Game seed: 15846209441786665930

4 PanicHappy the Grave Robber (level 1, -4/14 HPs)
             Began as a Ghoul Necromancer on Sept 16, 2021.
             Slain by Natasha (7 damage)
             ... on level 2 of the Dungeon.
             The game lasted 00:03:29 (1106 turns).

PanicHappy the Grave Robber (Ghoul Necromancer)     Turns: 1106, Time: 00:03:31

Health: -4/14      AC:  2    Str: 11    XL:     1   Next: 60%
Magic:  0/2        EV: 12    Int: 10    God:
Gold:   40         SH:  0    Dex:  9    Spells: 2/3 levels left

rFire    x . .     SeeInvis .   (no weapon)
rCold    + + .     Faith    .   (no shield)
rNeg     + + +     Spirit   +   a - +0 robe
rPois    ∞         Reflect  .   (no helmet)
rElec    .         Harm     .   (no cloak)
rCorr    .         Rampage  .   (no gloves)
Will     .....                  (no boots)
Stlth    ++........             d - amulet of guardian spirit
HPRegen  0.00/turn              g - ring of ice
MPRegen  0.08/turn              (no ring)

@: inhibited regen, slowed, very slow
A: claws 1, cold resistance 1, negative energy resistance 3, inhibited
regeneration, torment resistance 2
a: no special abilities


You were on level 2 of the Dungeon.
You visited 1 branch of the dungeon, and saw 2 of its levels.

You collected 40 gold pieces.

Inventory:

Armour
 a - a +0 robe (worn)
Jewellery
 d - an amulet of guardian spirit (around neck)
 g - a ring of ice (left claw)
Scrolls
 b - a scroll of amnesia {unknown}
 c - a scroll of noise {unknown}
 h - a scroll of blinking {unknown}
Potions
 e - a potion of attraction {unknown}
 f - 2 potions of lignification {unknown}


   Skills:
 + Level 1.8 Dodging
 + Level 2.2 Stealth
 + Level 1.9 Spellcasting
 + Level 4.1 Necromancy


You had 2 spell levels left.
You knew the following spells:

 Your Spells              Type           Power      Damage    Failure   Level
a - Pain                  Necr           36%        1d5       6%          1

Your spell library contained the following spells:

 Spells                   Type           Power      Damage    Failure   Level
 Animate Skeleton         Necr           18%        N/A       6%          1
 Vampiric Draining        Necr           4%         2d6       19%         3
 Animate Dead             Necr           4%         N/A       52%         4
 Summon Guardian Golem    Hex/Summ       0%         N/A       67%         3
 Agony                    Necr           9%         N/A       86%         5
 Orb of Destruction       Conj           0%         N/A       100%        7
 Spellforged Servitor     Conj/Summ      0%         N/A       100%        7


Dungeon Overview and Level Annotations

Branches:
Dungeon (2/15)

Altars:

Annotations:
D:2 Natasha


Innate Abilities, Weirdness & Mutations

You thrive by killing the living.
You are immune to poison.
You have sharp fingernails.
Your flesh is cold resistant. (rC+)
You are immune to negative energy. (rN+++)
You do not regenerate when monsters are visible.
You are immune to unholy pain and torment.


Message History

Casting: Pain (safe; 6% risk of failure)
Confirm with . or Enter, or press ? or * to list all spells.
Aiming: Pain (safe; 6% risk of failure)
Press: ? - help, Shift-Dir - straight line, f - Natasha
Aim: Natasha (chance to affect: 60%) Natasha resists with significant effort.
Casting: Pain (safe; 6% risk of failure)
Confirm with . or Enter, or press ? or * to list all spells.
Aiming: Pain (safe; 6% risk of failure)
Press: ? - help, Shift-Dir - straight line, f/p - Natasha
Aim: Natasha (chance to affect: 60%) Natasha resists with significant effort.
Natasha casts a spell.
The crimson imp blinks!
You scratch Natasha.
Natasha is lightly wounded.
Natasha barely misses you.
You closely miss Natasha. Natasha casts a spell at you.
The magic dart hits you!
Ouch! That really hurt!
You closely miss Natasha. Natasha claws you.
The crimson imp blinks!
Natasha stares at you and mumbles some strange words.
You resist with significant effort.
Natasha casts a spell.
Natasha casts a spell at you.
You feel yourself slow down. Natasha claws you.
* * * LOW HITPOINT WARNING * * *
The crimson imp blinks!
Casting: Pain (safe; 6% risk of failure)
Confirm with . or Enter, or press ? or * to list all spells.
Aiming: Pain (safe; 6% risk of failure)
Press: ? - help, Shift-Dir - straight line, f/p - Natasha
Aim: Natasha (chance to affect: 60%) Natasha writhes in agony.
Natasha closely misses you. The crimson imp closely misses you.
Natasha claws you!
Ouch! That really hurt!
You die...

#........
#........
#........
########........
#....5..........
#§#####.########
#.# #<#.#
#h###.#.#
#5@...#.#
#######.# ..#
###


You could see Natasha and a crimson imp (summoned).

Vanquished Creatures
  An endoplasm (D:1)
  A ball python (D:1)
  A frilled lizard (D:1)
  A goblin (D:1)
  A rat (D:1)
5 creatures vanquished.

Notes
Turn   | Place    | Note
-------+----------+-------------------------------------------
     0 | D:1      | PanicHappy the Ghoul Necromancer began the quest for the
                  | Orb.
     0 | D:1      | Reached XP level 1. HP: 14/14 MP: 2/2
   392 | D:1      | Found a faded altar of an unknown god.
  1085 | D:2      | Noticed Natasha
  1090 | D:2      | Noticed a crimson imp
  1101 | D:2      | Noticed a crimson imp
  1106 | D:2      | Slain by Natasha

Illustrated notes

Levels and vault maps discovered:
D:1:      psy_arrival_conway, layout_loops_corners,
          shapermc_ecumenical_altar_mp_highgroup, minmay_tetromino_s4
D:2:      layout_basic, basic_altar, uniq_terence, uniq_natasha, uniq_jessica

Action                   || total
-------------------------++-------
Melee: Unarmed           ||    13
 Cast: Pain              ||     8
 Stab: Sleeping          ||     1
Armor: Robe              ||     2
Dodge: Dodged            ||     9
